 Dungeon Crawl Stone Soup version 0.25-a0-426-g7d9e569eea (webtiles) character file.

Game seed: 17493697955806097451, levelgen mode: deterministic

5508 kae the Martial Artist (level 10, -9/53 HPs)
             Began as a Tengu Transmuter on Jan 24, 2020.
             Was a Follower of Uskayaw.
             Mangled by a two-headed ogre
             ... wielding a +0 giant club
              (13 damage)
             ... on level 10 of the Dungeon.
             The game lasted 00:14:31 (12965 turns).

kae the Martial Artist (Tengu Transmuter)          Turns: 12965, Time: 00:14:32

Health: -9/53      AC:  4    Str: 11    XL:     10   Next: 70%
Magic:  0/14       EV: 13    Int: 13    God:    Uskayaw [*.....]
Gold:   565        SH:  0    Dex: 18    Spells: 2/13 levels left

rFire    . . .     SeeInvis .     - Unarmed
rCold    . . .     Gourm    .   (no shield)
rNeg     . . .     Faith    .   b - +0 robe
rPois    .         Spirit   +   (helmet restricted)
rElec    .         Reflect  .   p - scarf {Spirit}
rCorr    .         Harm     .   s - +1 pair of gloves
MR       .....                  (boots unavailable)
Stlth    ++........             o - amulet of magic regeneration
HPRegen  0.17/turn              u - +3 ring of slaying
MPRegen  0.39/turn              (no ring)

@: no status effects
A: beak, talons 3, able to fly
a: Fly, Stomp, Renounce Religion


You were on level 10 of the Dungeon.
You worshipped Uskayaw.
Uskayaw was noncommittal.
You were not hungry.

You visited 2 branches of the dungeon, and saw 11 of its levels.

You collected 565 gold pieces.

Inventory:

Missiles
 a - 175 arrows
 e - a throwing net (quivered)
Armour
 b - a +0 robe (worn)
 n - a +0 cloak
 p - a scarf of spirit shield (worn)
 s - a +1 pair of gloves (worn)
Jewellery
 o - an amulet of magic regeneration (around neck)
 u - a +3 ring of slaying (left hand)
Wands
 h - a wand of polymorph (17)
 l - a wand of flame (16)
 m - a wand of acid (4)
 q - a wand of enslavement (1)
 v - a wand of disintegration (16)
 w - a wand of paralysis (10)
Scrolls
 c - 4 scrolls of remove curse
 r - 4 scrolls of teleportation
 t - a scroll of magic mapping
 y - a scroll of fog {unknown}
 z - a scroll of enchant weapon
Potions
 f - 4 potions of agility
 g - 2 potions of curing
 i - 3 potions of brilliance
 j - 2 potions of haste
 x - a potion of cancellation
Comestibles
 d - 15 rations
 k - 5 chunks of flesh


   Skills:
 + Level 1.7 Fighting
 + Level 2.7 Dodging
 * Level 13.6 Unarmed Combat
 - Level 2.0 Spellcasting
 - Level 7.5 Transmutations
 + Level 1.1 Invocations


You had 2 spell levels left.
You knew the following spells:

 Your Spells              Type           Power        Failure   Level  Hunger
a - Beastly Appendage     Tmut           ###...       1%          1    ##.....
b - Sticks to Snakes      Tmut           ###.....     1%          2    ###....
c - Spider Form           Tmut/Pois      ##........   16%         3    ####...
d - Blade Hands           Tmut           ###.......   32%         5    ######.

Your spell library contained the following spells:

 Spells                   Type           Power        Failure   Level  Hunger
 Corona                   Hex            #......      26%         1    ##.....
 Ensorcelled Hibernation  Hex/Ice        #.....       36%         2    ###....
 Ice Form                 Ice/Tmut       ##......     47%         4    #####..
 Confusing Touch          Hex            #.......     58%         3    ####...
 Dazzling Flash           Conj/Hex       #.....       58%         3    ####...
 Tukima's Dance           Hex            #.......     58%         3    ####...


Dungeon Overview and Level Annotations

Branches:
Dungeon (10/15)            Temple (1/1) D:4
   Lair: D:8-11         Orc: D:9-12

Altars:
Ashenzari
Cheibriados
Dithmenos
Elyvilon
Fedhas
Gozag
Hepliaklqana
Kikubaaqudgha
Makhleb
Nemelex Xobeh
Okawaru
Qazlal
Ru
Sif Muna
Trog
Uskayaw
Vehumet
Wu Jian
Xom
Yredelemnul
Zin
The Shining One

Shops:
D:8 :

Annotations:
D:5 exclusion: door


Innate Abilities, Weirdness & Mutations

You have a beak for a mouth.
You have claws for feet.
You can fly continuously.


Message History

The two-headed ogre is almost dead.
You feel somewhat more hungry.
You can no longer pass through a line of other dancers.
The two-headed ogre hits you with a +0 giant club!
* * * LOW HITPOINT WARNING * * *
The two-headed ogre barely misses you.
There is a stone staircase leading up here.
Your transformation has ended.
Your scarf of spirit shield unmelds from your body.
Your +1 pair of gloves unmelds from your body.
Your +0 robe unmelds from your body.
You feel spirits watching over you.
Okay, then.
Okay, then.
Evoke which item? (* to show all) (? for menu, Esc to quit)
Aiming: Disintegrate
Press: ? - help, Shift-Dir - straight line, f/p - two-headed ogre
Aim: a two-headed ogre, wielding two +0 giant clubs (almost dead, poisoned, chance to defeat MR: 48%)
The two-headed ogre resists with some effort.
The two-headed ogre hits you with a +0 giant club!!
You die...

.................................
....>............................
......÷..........................
.........................(.......
.................................
####.............................
...............................
.................................
................@O.....<.........
##..########..##########..#####..
...########..##########..# .
.......................††.#
.≈.....?...................
≈..######...##########..... ≈
#...# ..### #...# ..# #...# ..#


You could see a two-headed ogre.

Vanquished Creatures
  A two-headed ogre (D:9)
  Joseph (D:7)
  A troll (D:10)
  3 hippogriffs
  4 yaks (D:8)
  3 wyverns
  2 ice beasts
  2 ogres
  A phantom (D:5)
  A black bear (D:10)
  A centaur (D:6)
  4 bullfrogs
  4 scorpions
  6 killer bees (D:9)
  5 wights (D:5)
  A howler monkey (D:5)
  2 bullfrog zombies
  2 crimson imps
  4 orc priests
  Crazy Yiuf (D:2)
  6 hounds
  2 jellies
  A bullfrog skeleton (D:8)
  3 orc wizards
  Ijyb (D:3)
  Terence (D:2)
  4 iguanas
  2 worker ants
  A hound skeleton (D:7)
  A hound zombie (D:8)
  Robin (D:4)
  A howler monkey skeleton (D:4)
  A howler monkey zombie (D:6)
  13 adders
  A shadow imp (D:6)
  An ooze (D:1)
  3 adder skeletons
  2 worms
  A dart slug (D:2)
  6 leopard geckos
  29 orcs
  A ball python (D:4)
  5 giant cockroaches
  16 goblins
  14 hobgoblins
  10 jackals
  15 kobolds
  6 quokkas
  10 bats
  6 frilled lizards
  A leopard gecko skeleton (D:4)
  A quokka skeleton (D:5)
  5 rats
  A plant (D:2)
221 creatures vanquished.

Notes
Turn   | Place    | Note
-------+----------+-------------------------------------------
     0 | D:1      | kae the Tengu Transmuter began the quest for the Orb.
     0 | D:1      | Reached XP level 1. HP: 12/12 MP: 4/4
   109 | D:1      | Reached XP level 2. HP: 5/16 MP: 4/6
   844 | D:1      | Reached skill level 4 in Unarmed Combat
  1254 | D:2      | Reached XP level 3. HP: 6/20 MP: 5/7
  1856 | D:2      | Noticed Terence
  1882 | D:2      | Killed Terence
  1882 | D:2      | Reached XP level 4. HP: 8/25 MP: 8/8
  2095 | D:1      | Learned a level 2 spell: Sticks to Snakes
  2099 | D:1      | Learned a level 3 spell: Spider Form
  2124 | D:2      | Reached skill level 5 in Unarmed Combat
  2295 | D:2      | Gained mutation: You can fly continuously. [Tengu growth]
  2295 | D:2      | Reached XP level 5. HP: 29/29 MP: 9/9
  2793 | D:2      | Found a runed translucent door.
  2794 | D:2      | Noticed Crazy Yiuf
  2884 | D:2      | Killed Crazy Yiuf
  3230 | D:3      | Noticed Ijyb
  3242 | D:3      | Killed Ijyb
  3242 | D:3      | Reached skill level 6 in Unarmed Combat
  3490 | D:3      | Reached XP level 6. HP: 31/34 MP: 6/10
  3861 | D:4      | Noticed Robin
  3875 | D:4      | Killed Robin
  4623 | D:4      | Reached skill level 7 in Unarmed Combat
  4843 | D:4      | Reached XP level 7. HP: 31/38 MP: 8/11
  5207 | D:4      | Found a staircase to the Ecumenical Temple.
  5214 | Temple   | Entered the Ecumenical Temple
  5324 | Temple   | Became a worshipper of Uskayaw the Reveler
  5496 | D:4      | Reached * piety under Uskayaw
  5587 | D:5      | Entered Level 5 of the Dungeon
  5604 | D:5      | Reached ** piety under Uskayaw
  5743 | D:5      | Noticed a wyvern
  5814 | D:5      | Reached *** piety under Uskayaw
  5818 | D:5      | Killed a wyvern
  5818 | D:5      | Reached skill level 8 in Unarmed Combat
  5818 | D:5      | Reached **** piety under Uskayaw
  6195 | D:5      | Found a hazy altar of Hepliaklqana.
  6280 | D:5      | Reached XP level 8. HP: 43/43 MP: 10/12
  6964 | D:5      | Reached skill level 9 in Unarmed Combat
  7831 | D:6      | Reached skill level 5 in Transmutations
  8277 | D:6      | Reached skill level 10 in Unarmed Combat
  8597 | D:7      | Noticed a hippogriff
  8605 | D:7      | Killed a hippogriff
  8605 | D:7      | Reached XP level 9. HP: 47/47 MP: 11/13
  8741 | D:7      | Found a shattered altar of Ashenzari.
  8741 | D:7      | Found a sparkling altar of Nemelex Xobeh.
  8827 | D:7      | Found a shimmering blue altar of Sif Muna.
  8889 | D:7      | Found an opulent altar of Gozag.
  8956 | D:7      | Noticed Joseph
  8962 | D:7      | Reached skill level 11 in Unarmed Combat
  8971 | D:7      | Killed Joseph
  9702 | D:8      | Found Sefixt's Book Shop.
 10755 | D:8      | Reached skill level 12 in Unarmed Combat
 10898 | D:8      | Reached XP level 10. HP: 33/52 MP: 14/14
 10901 | D:8      | Reached ***** piety under Uskayaw
 11238 | D:9      | Learned a level 5 spell: Blade Hands
 11285 | D:9      | Reached skill level 13 in Unarmed Combat
 11502 | D:9      | Noticed a two-headed ogre
 12114 | D:9      | Killed a two-headed ogre
 12542 | D:10     | Entered Level 10 of the Dungeon
 12829 | D:10     | Reached skill level 1 in Invocations
 12930 | D:10     | Noticed a two-headed ogre
 12955 | D:10     | HP: 2/53 [two-headed ogre/+0 giant club (17)]
 12965 | D:10     | Mangled by a two-headed ogre

Levels and vault maps discovered:
D:1:      dpeg_cavernosity, layout_rooms
D:2:      layout_rooms, first_ration, lexackson_kobold_supper,
          uniq_crazy_yiuf_cottage, uniq_terence
D:3:      layout_rooms, columned_hall_lemuel, uniq_ijyb
D:4:      minmay_bubble_buster, layout_basic, minmay_temple_entry_nine_rooms,
          serial_glass, glass_columns_b, glass_columns_b, serial_park_tiny_pond,
          uniq_robin
D:5:      layout_basic, kennysheep_little_box, chequers_big_river
D:6:      layout_basic, kennysheep_nub
D:7:      layout_loops_cross, gammafunk_temple_overflow_statue,
          nicolae_overflow_hidden_temple, basic_altar, uniq_joseph
D:8:      layout_cave_pods, serial_shops, nicolae_shop_waterfront,
          minmay_misc_feat_more_columns
D:9:      corexii_shack_village, layout_rooms
D:10:     layout_long_grid, erik_lair_island
Temple:   compressed_dpeg_circular_temple

Skill      XL: |  1  2  3  4  5  6  7  8  9 10 |
---------------+-------------------------------+-----
Unarmed Combat | 4 5 6 7 8 10 12 13 | 13.6
Transmutations | 2 3 4 5 6 7 |  7.5
Invocations    | 1 |  1.1
Fighting       | |  1.7
Dodging        | |  2.7
Spellcasting   | |  2.0

Action                   |  1- 3 |  4- 6 |  7- 9 | 10-12 || total
-------------------------+-------+-------+-------+-------++-------
Melee: Unarmed           |    81 |   192 |   235 |    88 ||   596
       Kick              |    19 |    45 |    54 |    12 ||   130
       Peck              |     6 |    22 |    38 |    12 ||    78
       Headbutt          |     9 |    14 |    24 |     6 ||    53
       Punch             |       |     6 |     2 |     5 ||    13
 Cast: Beastly Appendage |    19 |    21 |    37 |     7 ||    84
       Spider Form       |       |     5 |     9 |     5 ||    19
       Blade Hands       |       |       |       |     1 ||     1
Invok: Line Pass         |       |       |     1 |     1 ||     2
       Stomp             |       |       |       |     3 ||     3
Evoke: Wand              |       |       |       |     3 ||     3
  Use: Scroll            |     1 |     4 |    13 |     2 ||    20
       Potion            |     2 |     1 |     4 |     1 ||     8
 Stab: Sleeping          |     1 |     2 |     2 |       ||     5
       Paralysed         |       |       |     5 |     1 ||     6
       Confused          |       |       |       |     1 ||     1
  Eat: Chunk             |     3 |    12 |    19 |     8 ||    42
       Ration            |       |       |     1 |       ||     1
Armor: Robe              |    21 |    23 |    24 |     5 ||    73
       Skin              |       |    12 |     2 |    20 ||    34
Dodge: Dodged            |    70 |   117 |   108 |    41 ||   336

Table legend:
 A = Non-vault XP
 B = Vault XP
 C = Vault XP percentage of total XP
 D = Non-vault monster count
 E = Vault monster count
 F = Vault count percentage of total count
                 A         B        C        D         E       F
            +---------+---------+-------+---------+---------+-------
      Total |    7035 |     834 |  10.6 |     171 |      49 |  22.3
            +---------+---------+-------+---------+---------+-------
        D:1 |      41 |       5 |  10.9 |      20 |       4 |  16.7
        D:2 |      89 |      92 |  50.8 |      16 |      10 |  38.5
        D:3 |     110 |      40 |  26.7 |      23 |       2 |   8.0
        D:4 |     331 |      46 |  12.2 |      20 |      15 |  42.9
        D:5 |    1028 |       0 |   0.0 |      27 |       0 |   0.0
        D:6 |     351 |       0 |   0.0 |       8 |       0 |   0.0
        D:7 |     850 |     529 |  38.4 |      12 |       1 |   7.7
        D:8 |    1665 |       0 |   0.0 |      23 |       0 |   0.0
        D:9 |    1847 |      34 |   1.8 |      16 |      15 |  48.4
       D:10 |     723 |      88 |  10.9 |       6 |       2 |  25.0
            +---------+---------+-------+---------+---------+-------
